Map: Flooded City

Players

River - Winner!

  • Race: Zerg Zerg
  • League: Diamond
  • Spawn Location: 6:00

reuxertz - Winner!

  • Race: Protoss Protoss
  • League: Silver
  • Spawn Location: 6:00

SevenWrath

  • Race: Zerg Zerg
  • Spawn Location: 12:00

PanchoVilla

  • Race: Zerg Zerg
  • League: Gold
  • Spawn Location: 12:00

VOD

Have the link to the VOD?

Description

just when you think you're safe as zerg

Time

  • Played on: Oct. 3, 2018, 10:44 p.m.
  • Length: 3:51
Show
View Real Time Build Order
Export as new Build Order

River Zerg - Winner!

Build Orders: Pool Only 

Get SALT Encoding   

  12  0:01  Drone  
  13  0:08  Drone  
  14  0:27  Spawning Pool  
  13  0:33  Drone  
  14  0:50  Overlord  
  14  1:21  Spine Crawler  
  14  1:22  Spine Crawler  
  14  1:23  Spine Crawler  
  11  1:58  Spine Crawler  
  11  1:59  Spine Crawler  
  9  2:01  Spine Crawler  
  9  2:31  Spine Crawler  
  8  2:57  Drone x3  
  11  3:06  Queen  
  13  3:21  Drone  
  13  3:22  Drone  
Show
View Real Time Build Order
Export as new Build Order

reuxertz Protoss - Winner!

Build Orders:  

Get SALT Encoding   

  1  0:00  Probe  
  13  0:15  Probe, Pylon  
  15  0:28  Probe  
  15  0:37  Gateway  
  15  0:49  Gateway  
  15  0:52  Probe  
  16  1:03  Gateway  
  16  1:23  Pylon  
  16  1:27  Zealot  
  16  1:31  Probe  
  19  1:36  Zealot  
  21  1:50  Zealot  
  21  1:52  Probe  
  26  1:54  Zealot  
  26  2:03  Zealot  
  28  2:17  Zealot  
  28  2:19  Probe  
  31  2:34  Pylon  
  31  2:37  Gateway  
  31  2:52  Zealot x2  
  31  2:55  Zealot  
  35  3:19  Zealot x2  
Show
View Real Time Build Order
Export as new Build Order

SevenWrath Zerg 

Build Orders: Pool Only 

Get SALT Encoding   

  12  0:08  Overlord  
  12  0:18  Drone  
  12  0:19  Drone  
  14  0:33  Drone x2  
  16  0:45  Spawning Pool  
  16  0:49  Drone  
  16  0:52  Extractor  
  16  0:55  Drone  
  16  1:02  Overlord  
  16  1:16  Drone  
  17  1:32  Zergling x2  
  18  1:37  Spine Crawler  
  17  1:41  Zergling x2  
  18  1:47  Spine Crawler  
  18  1:48  Zergling x2  
  18  1:58  Zergling x2  
  14  2:11  Zergling x2  
  14  2:21  Zergling x2  
Show
View Real Time Build Order
Export as new Build Order

PanchoVilla Zerg 

Build Orders: Hatch First 

Get SALT Encoding   

  12  0:12  Overlord  
  12  0:28  Drone x2  
  13  0:30  Drone  
  15  0:46  Drone  
  16  0:51  Drone  
  17  1:15  Hatchery, Spawning Pool, Extractor  
  17  1:16  Drone  
  15  1:20  Drone  
  16  1:53  Drone x3  
  19  2:14  Zergling x2  
  20  2:25  Queen  
  20  2:27  Queen  
  20  2:29  Zergling x6  
  27  2:37  Zergling x2  
  25  2:49  Zergling x2  
  25  3:00  Zergling x4  
  25  3:04  Zergling x2  
  27  3:08  Zergling x2  
  23  3:13  Zergling x2  
Tags
 
Add a new tag
Caveats
  • Supply blocks, unpowered buildings, or Contaminate may cause inaccurate times.
  • Supply counts are checked every 10 seconds.